Map: 2000 Atmospheres LE

Players

Pumba

  • Race: Protoss Protoss
  • League: Master
  • Spawn Location: 7:00

Artist - Winner!

  • Race: Zerg Zerg
  • League: Master
  • Spawn Location: 3:00

VOD

Have the link to the VOD?

Description

Time

  • Played on: March 22, 2022, 8:27 p.m.
  • Length: 11:41
Show
View Real Time Build Order
Export as new Build Order

Pumba Protoss 

Build Orders: 1 Gate Expand, Oracle Opening 

Get SALT Encoding   

  12  0:00  Probe  
  13  0:12  Probe  
  14  0:19  Pylon  
  14  0:25  Probe  
  15  0:37  Probe (Chrono Boost)  
  15  0:39  Gateway  
  16  0:49  Probe (Chrono Boost)  
  17  0:52  Assimilator  
  17  0:54  Probe (Chrono Boost)  
  18  1:06  Probe  
  19  1:18  Probe  
  20  1:26  Nexus  
  20  1:33  Cybernetics Core  
  20  1:37  Probe  
  21  1:43  Assimilator  
  21  1:49  Probe  
  21  1:52  Pylon  
  22  2:01  Probe  
  22  2:07  Adept (Chrono Boost)  
  23  2:13  Probe  
  26  2:21  Stargate  
  26  2:26  Probe  
  26  2:27  Adept (Chrono Boost)  
  27  2:34  Warp Gate  
  29  2:40  Probe (Chrono Boost)  
  29  2:43  Probe (Chrono Boost)  
  31  2:51  Probe (Chrono Boost)  
  32  2:53  Adept  
  32  2:54  Probe (Chrono Boost)  
  35  3:01  Probe  
  35  3:03  Probe  
  37  3:07  Oracle (Chrono Boost)  
  40  3:13  Probe  
  40  3:14  Gateway  
  40  3:16  Probe  
  42  3:25  Probe  
  43  3:33  Probe  
  42  3:40  Probe  
  41  3:41  Oracle (Chrono Boost)  
  41  3:42  Adept  
  46  3:51  Pylon  
  46  3:53  Nexus  
  46  4:01  Probe  
  46  4:09  Adept, Probe  
  49  4:13  Probe  
  45  4:21  Probe  
  45  4:23  Assimilator  
  46  4:25  Probe  
  46  4:26  Assimilator  
  46  4:27  Robotics Facility  
  46  4:30  Pylon  
  47  4:33  Probe  
  47  4:36  Adept  
  47  4:37  Probe  
  51  4:45  Oracle (Chrono Boost), Probe  
  51  4:49  Probe  
  51  4:50  Adept  
  58  4:58  Adept, Probe  
  61  5:01  Probe  
  61  5:05  Twilight Council  
  62  5:07  Forge  
  62  5:10  Probe  
  63  5:16  Probe  
  63  5:17  Probe  
  65  5:27  Probe  
  65  5:28  Probe  
  63  5:38  Probe  
  63  5:40  Observer (Chrono Boost)  
  63  5:41  Probe x2  
  67  5:44  Shield Battery  
  67  5:46  Pylon  
  65  5:50  Probe  
  65  5:53  Immortal (Chrono Boost), Probe  
  65  5:56  Probe  
  70  6:08  Charge (Chrono Boost)  
  70  6:10  Probe  
  70  6:11  Protoss Ground Weapons Level 1  
  71  6:14  Zealot  
  71  6:15  Zealot  
  71  6:16  Probe  
  76  6:27  Cybernetics Core  
  69  6:44  Shield Battery  
  63  6:53  Pylon  
  63  6:55  Pylon  
  63  6:56  Pylon x2  
  59  7:11  Immortal (Chrono Boost)  
  59  7:13  Oracle (Chrono Boost)  
  66  7:34  Gateway x2  
  66  7:38  Gateway x2  
  66  7:43  Immortal, Gateway  
  66  7:44  Gateway  
  70  7:48  Probe x2  
  72  7:55  Pylon  
  72  8:00  Probe  
  73  8:09  Probe  
  73  8:11  Nexus  
  73  8:12  Pylon  
  74  8:19  Phoenix (Chrono Boost)  
  74  8:24  Gateway  
  74  8:25  Gateway  
  76  8:30  Pylon  
  76  8:31  Zealot  
  76  8:32  Zealot x2  
  81  8:46  Zealot  
  81  8:48  Pylon  
  83  8:50  Pylon  
  83  9:00  Cybernetics Core  
  83  9:03  Templar Archives  
  83  9:04  Zealot x3  
  83  9:05  Zealot x2  
  93  9:11  Photon Cannon  
  93  9:12  Probe  
  94  9:30  Zealot x6, Protoss Ground Armor Level 1 (Chrono Boost)  
  106  9:47  Shield Battery  
  106  9:52  High Templar x4  
  112  9:53  High Templar x2  
  112  9:57  Archon x2  
  112  9:58  Archon  
  112  9:59  High Templar  
  120  10:00  High Templar  
  120  10:04  Probe  
  123  10:15  Nexus, Archon  
  123  10:16  Pylon  
  123  10:18  Pylon  
  123  10:21  Pylon  
  113  10:24  Zealot  
  93  10:30  Pylon  
  93  10:32  Zealot x8  
  101  10:46  Robotics Bay  
  76  10:58  Shield Battery  
  76  11:00  Zealot x6  
  76  11:01  Zealot, High Templar  
  92  11:06  High Templar  
  86  11:12  Archon  
  86  11:16  Robotics Facility  
  82  11:21  High Templar x4  
  82  11:23  Zealot x2  
  82  11:25  Archon x2  
  94  11:33  Zealot x2  
Show
View Real Time Build Order
Export as new Build Order

Artist Zerg - Winner!

Build Orders: Hatch First 

Get SALT Encoding   

  12  0:00  Drone  
  13  0:13  Overlord  
  13  0:17  Drone  
  14  0:31  Drone x2  
  16  0:49  Hatchery  
  15  0:53  Drone  
  16  0:57  Drone  
  16  1:00  Drone  
  18  1:12  Extractor  
  18  1:16  Spawning Pool  
  18  1:17  Drone  
  17  1:20  Drone  
  18  1:30  Drone  
  19  1:40  Drone  
  20  1:50  Overlord  
  20  2:02  Drone x2  
  20  2:04  Queen x2  
  26  2:19  Metabolic Boost, Drone x2  
  28  2:35  Hatchery  
  28  2:36  Drone  
  28  2:37  Drone  
  28  2:39  Drone  
  30  2:46  Queen  
  30  2:51  Overlord  
  32  2:53  Drone  
  32  2:56  Drone  
  34  3:01  Zergling x4  
  36  3:09  Zergling x4  
  38  3:15  Zergling x2  
  38  3:16  Drone, Overlord  
  38  3:17  Drone  
  41  3:21  Spore Crawler  
  41  3:24  Spore Crawler  
  36  3:29  Drone x3  
  39  3:36  Queen  
  39  3:37  Drone  
  39  3:39  Spore Crawler  
  41  3:42  Drone  
  41  3:45  Drone x2  
  44  3:49  Spore Crawler  
  44  3:51  Drone  
  44  3:56  Drone x3  
  44  3:58  Drone  
  44  4:02  Drone  
  49  4:03  Drone  
  49  4:06  Drone x2  
  49  4:16  Drone x3  
  50  4:17  Drone  
  50  4:20  Drone  
  50  4:22  Drone, Evolution Chamber  
  51  4:26  Drone x2  
  51  4:27  Drone  
  51  4:30  Drone  
  51  4:31  Drone x2  
  57  4:38  Overlord  
  57  4:39  Drone  
  57  4:42  Overlord  
  57  4:47  Baneling Nest, Overlord  
  56  4:57  Drone  
  56  4:58  Drone x4  
  56  4:59  Drone x2  
  63  5:02  Hatchery  
  63  5:04  Hatchery  
  63  5:05  Zergling x2  
  63  5:07  Zergling x2  
  63  5:08  Zergling x2  
  63  5:09  Zergling x2  
  63  5:11  Zerg Melee Weapons Level 1  
  63  5:13  Zergling x4  
  68  5:16  Extractor  
  68  5:19  Zergling x2  
  67  5:22  Zergling x4  
  67  5:26  Zergling x2  
  70  5:37  Zergling x18  
  77  5:46  Drone x4  
  77  5:47  Drone  
  81  5:51  Overlord  
  75  5:58  Zergling x4  
  75  6:00  Zergling x2  
  76  6:08  Zergling x2  
  73  6:11  Baneling x6  
  73  6:12  Zergling x2  
  73  6:16  Zergling x2  
  75  6:21  Drone  
  75  6:22  Overlord  
  75  6:24  Drone  
  75  6:25  Drone x5  
  81  6:30  Drone  
  77  6:41  Drone x3  
  77  6:42  Drone  
  77  6:45  Drone x3  
  80  6:51  Drone x2  
  80  6:53  Queen x3, Drone  
  86  6:56  Overlord  
  86  6:58  Extractor  
  86  6:59  Drone x3  
  84  7:02  Drone x2  
  84  7:04  Drone  
  84  7:06  Overlord  
  86  7:08  Overlord  
  86  7:10  Spore Crawler  
  84  7:18  Drone x6  
  89  7:25  Lair  
  89  7:29  Queen, Overlord  
  91  7:30  Drone x3  
  91  7:31  Drone x2, Overlord x2  
  91  7:32  Drone x2  
  98  7:37  Extractor  
  98  7:38  Extractor  
  98  7:39  Spine Crawler  
  98  7:41  Drone  
  96  7:46  Overlord  
  96  7:47  Queen x2  
  98  7:52  Extractor  
  98  7:54  Drone  
  98  8:01  Zergling x18, Overlord  
  98  8:03  Zergling x2  
  108  8:06  Hatchery  
  108  8:08  Zerg Missile Weapons Level 1  
  108  8:12  Evolution Chamber  
  106  8:16  Overlord  
  106  8:19  Overlord  
  106  8:20  Overlord  
  106  8:27  Hydralisk Den, Drone x3  
  106  8:29  Zergling x2, Extractor  
  106  8:30  Zergling x18  
  116  8:38  Zergling x2  
  116  8:40  Overlord  
  116  8:41  Zerg Melee Weapons Level 2  
  116  8:45  Zergling x2  
  116  8:47  Zergling x14  
  124  9:00  Muscular Augments, Hydralisk x5  
  134  9:02  Overlord  
  134  9:03  Overlord  
  134  9:13  Hydralisk x2  
  134  9:15  Zergling x16  
  142  9:20  Zergling x6  
  142  9:23  Zergling x2  
  145  9:30  Hydralisk  
  145  9:31  Hydralisk x3  
  143  9:33  Zergling x14  
  143  9:35  Hydralisk x2  
  143  9:37  Hatchery  
  159  9:42  Extractor  
  159  9:44  Zergling x8  
  162  9:49  Hydralisk x2  
  166  9:59  Hydralisk x5  
  167  10:01  Baneling Nest  
  167  10:02  Hydralisk x2  
  176  10:10  Zergling x24  
  188  10:17  Hatchery  
  169  10:21  Hydralisk  
  169  10:22  Hydralisk x4  
  169  10:23  Hydralisk x2  
  169  10:25  Zergling x14  
  168  10:33  Zergling x4  
  165  10:40  Zergling x6  
  165  10:41  Zergling x10  
  165  10:42  Zergling x4  
  170  10:48  Zergling x6  
  162  10:52  Zergling x6  
  162  10:54  Zergling x2  
  162  10:55  Zergling x2  
  163  10:57  Zergling x4  
  163  11:01  Zergling x2  
  158  11:09  Zergling x18  
  158  11:11  Zergling x4  
  163  11:15  Zergling x2  
  164  11:24  Overseer x2  
Tags
 
Add a new tag
Caveats
  • Supply blocks, unpowered buildings, or Contaminate may cause inaccurate times.
  • Supply counts are checked every 10 seconds.